 Dungeon Crawl Stone Soup version 0.31-a0-845-g9abc20d24f (webtiles) character file.

Game seed: 5058933543224314228

606609 BinkBink the Intangible (level 26, 0/158 HPs)
             Began as a Spriggan Hunter on Oct 1, 2023.
             Was the Champion of Qazlal.
             Killed by divine providence
             ... invoked by a royal mummy
              (15 damage)
             ... on level 1 of the Tomb of the Ancients on Oct 2, 2023.
             The game lasted 04:42:34 (89735 turns).

BinkBink the Intangible (Spriggan Hunter)          Turns: 89735, Time: 04:42:35

Health: 0/158      AC: 13    Str:  7    XL:     26   Next: 64%
Magic:  31/51      EV: 80    Int: 11    God:    Qazlal [******]
Gold:   5545       SH:  8    Dex: 37    Spells: 30/71 levels left

rFire   x . .        c - +7 arbalest (heavy)
rCold   + + .        (shield currently unavailable)
rNeg    . . .        L - +5 steam dragon scales
rPois   .            i - +0 mask of the Dragon {Will+ Slay+3 SInv}
rElec   .            l - +2 cloak {rCorr}
rCorr   +            (gloves unavailable)
SInv    +            (boots unavailable)
Will    +++++        F - amulet of the acrobat
Stlth   +            r - ring "Batiomasch" {Ice *Corrode Dex+7}
HPRegen 0.46/turn    U - +4 ring of slaying
MPRegen 0.32/turn

%: corrode self (3%), repel missiles, acrobat
@: silenced, marked, acrobatic, hasted, studying 3 skills, invisible (expiring),
very quick
A: very small, no large weapons, unfitting armour, see invisible, speed 3, cold
resistance 1, deterioration 1, teleportitis 1, no potion heal 1, inability to
drink after injury 1, inability to read after injury 1, MP-powered wands
}: 3/15 runes: decaying, slimy, gossamer
a: Renounce Religion


You were on level 1 of the Tomb of the Ancients.
You worshipped Qazlal.
Qazlal was exalted by your worship.
You visited 13 branches of the dungeon, and saw 53 of its levels.
You also visited: Gauntlet and Ice Cave.

You collected 6981 gold pieces.
You spent 1436 gold pieces at shops.

Inventory:

Hand Weapons
 c - a +7 heavy arbalest (weapon)
 T - a +3 sacred scourge of holy wrath
Armour
 i - the +0 mask of the Dragon (worn) {Will+ Slay+3 SInv}
   (You bought it in a shop on level 2 of the Orcish Mines)

   Slay+3:    It affects your accuracy & damage with ranged weapons and melee
   (+3).
   Will+:     It increases your willpower.
   SInv:      It lets you see invisible.
 l - a +2 cloak of preservation (worn)
 y - the +0 cloak of Baleful Curiosity {rC+ Int+2 SInv}
   (You found it on level 4 of the Depths)

   Int+2:     It affects your intelligence (+2).
   rC+:       It protects you from cold.
   SInv:      It lets you see invisible.
 L - +5 steam dragon scales (worn)
Jewellery
 f - the ring of the Singing Gods {Int+6 Dex+2}
   (You found it on level 3 of the Crypt)

   [ring of intelligence]

   Int+6:     It affects your intelligence (+6).
   Dex+2:     It affects your dexterity (+2).
 g - a ring of flight
 m - the ring of Saneiz {Wiz Dex+2}
   (You found it on level 1 of the Vaults)

   [ring of wizardry]

   Wiz:       It improves your spell success rate.
   Dex+2:     It affects your dexterity (+2).
 r - the ring "Batiomasch" (left hand) {Ice *Corrode Dex+7}
   (You acquired it on level 3 of the Vaults)

   [ring of ice]

   Ice:       It enhances your ice magic.
   Dex+7:     It affects your dexterity (+7).
   rF-:       It makes you vulnerable to fire.
   rC+:       It protects you from cold.
   *Corrode:  It may corrode you when you take damage.
 F - an amulet of the acrobat (around neck)
 M - the amulet "Unlaonio" {Reflect Str+3 SH+5}
   (You found it on level 1 of the Depths)

   [amulet of reflection]

   Reflect:   It reflects blocked missile attacks.
   Str+3:     It affects your strength (+3).
   SH+5:      It affects your SH (+5).
 S - the ring "Derus" {Will+ rCorr Int-2 Dex+5}
   (You found it in a Gauntlet)

   [ring of willpower]

   Int-2:     It affects your intelligence (-2).
   Dex+5:     It affects your dexterity (+5).
   Will+:     It increases your willpower.
   rCorr:     It protects you from acid and corrosion.
 U - a +4 ring of slaying (right hand)
Talismans
 a - a granite talisman
 J - a dragon-blood talisman
Wands
 A - a wand of flame (105)
 B - a wand of digging (24)
 E - a wand of quicksilver (23)
 I - a wand of polymorph (34)
 P - a wand of paralysis (60)
 Q - a wand of mindburst (32)
 Z - a wand of roots (52)
Scrolls
 b - 2 scrolls of butterflies
 h - 29 scrolls of identify
 j - 5 scrolls of fear
 n - 3 scrolls of silence
 p - 12 scrolls of enchant armour
 u - 9 scrolls of teleportation
 x - 11 scrolls of fog
 z - a scroll of brand weapon
 C - 9 scrolls of revelation
 N - 13 scrolls of poison
 R - 6 scrolls of amnesia
 W - a scroll of blinking
 Y - 2 scrolls of vulnerability
Potions
 d - 2 potions of haste
 e - 5 potions of might
 k - 3 potions of resistance
 o - a potion of brilliance
 q - 7 potions of ambrosia
 s - 3 potions of cancellation
 t - 17 potions of curing
 v - 5 potions of enlightenment
 w - 6 potions of lignification
 D - 7 potions of attraction
 G - 3 potions of berserk rage
 H - 3 potions of mutation
 K - 5 potions of magic
 V - 2 potions of invisibility


   Skills:
 + Level 22.6 Fighting
 - Level 18.0 Ranged Weapons
 O Level 27 Dodging
 - Level 1.5 Stealth
 + Level 23.4 Spellcasting
 - Level 11.4 Hexes
 - Level 10.7 Summonings
 + Level 22.3 Translocations


You had 30 spell levels left.
You knew the following spells:

 Your Spells              Type           Power      Damage    Failure   Level
a - Blink                 Tloc           100%       N/A       0%          2
b - Summon Guardian Gole  Hex/Summ       37%        N/A       1%          3
c - Flame Wave            Conj/Fire      12%        2d6       32%         4
d - Cigotuvi's Dreadful   Necr/Pois/Air  24%        N/A       4%          2
e - Summon Cactus Giant   Summ           18%        N/A       6%          6
f - Summon Mana Viper     Hex/Summ       37%        N/A       1%          5
g - Dimensional Bullseye  Hex/Tloc       25%        N/A       1%          4
h - Freeze                Ice            76%        1d8       3%          1
i - Disjunction           Tloc           29%        N/A       2%          8
j - Dispersal             Tloc           29%        N/A       1%          6

Your spell library contained the following spells:

 Spells                   Type           Power      Damage    Failure   Level
 Apportation              Tloc           100%       N/A       0%          1
 Lesser Beckoning         Tloc           100%       N/A       0%          2
 Gell's Gravitas          Tloc           58%        N/A       0%          3
 Teleport Other           Tloc           58%        N/A       0%          3
 Manifold Assault         Tloc           58%        N/A       0%          4
 Passage of Golubria      Tloc           58%        N/A       0%          4
 Summon Small Mammal      Summ           100%       N/A       1%          1
 Call Imp                 Summ           72%        N/A       1%          2
 Jinxbite                 Hex            76%        N/A       1%          2
 Momentum Strike          Conj/Tloc      74%        3d10      1%          2
 Call Canine Familiar     Summ           36%        N/A       1%          3
 Dazzling Flash           Conj/Hex       50%        N/A       1%          3
 Inner Flame              Hex/Fire       25%        N/A       1%          3
 Sigil of Binding         Hex            38%        N/A       1%          3
 Tukima's Dance           Hex            38%        N/A       1%          3
 Volatile Blastmotes      Fire/Tloc      74%        2d16      1%          3
 Iskenderun's Mystic Bla  Conj/Tloc      37%        2d9       1%          4
 Vhi's Electric Charge    Tloc/Air       74%        N/A       1%          4
 Summon Forest            Summ/Tloc      24%        N/A       1%          5
 Kiss of Death            Conj/Necr      48%        2d9       3%          1
 Necrotise                Necr           48%        1d6       3%          1
 Sting                    Tmut/Pois      48%        1d5       3%          1
 Animate Armour           Summ/Erth      48%        N/A       3%          4
 Summon Ice Beast         Ice/Summ       37%        N/A       3%          4
 Poisonous Vapours        Pois/Air       24%        N/A       4%          2
 Scorch                   Fire           24%        2d6       4%          2
 Sublimation of Blood     Necr           12%        N/A       4%          2
 Wereblood                Tmut           12%        N/A       4%          2
 Metabolic Englaciation   Hex/Ice        19%        N/A       9%          5
 Yara's Violent Unravell  Hex/Tmut       12%        3d7       9%          5
 Frozen Ramparts          Ice            38%        1d6       10%         3
 Hailstorm                Conj/Ice       19%        3d6       10%         3
 Ozocubu's Armour         Ice            19%        N/A       10%         3
 Airstrike                Air            6%         2d(1-17)  32%         4
 Animate Dead             Necr           12%        N/A       32%         4
 Dispel Undead            Necr           12%        3d9       32%         4
 Olgreb's Toxic Radiance  Pois           12%        N/A       32%         4
 Petrify                  Tmut/Erth      12%        N/A       32%         4
 Sticky Flame             Conj/Fire      12%        2d4       32%         4
 Summon Hydra             Summ           18%        N/A       32%         7
 Arcjolt                  Conj/Air       6%         1d16      65%         5
 Freezing Cloud           Conj/Ice/Air   9%         6-21      65%         5
 Irradiate                Conj/Tmut      6%         3d13      65%         5
 Iskenderun's Battlesphe  Conj           12%        2d7       65%         5
 Discord                  Hex            19%        N/A       89%         8
 Summon Horrible Things   Summ           18%        N/A       95%         8
 Haunt                    Necr/Summ      12%        N/A       97%         7
 Spellforged Servitor     Conj/Summ      12%        N/A       97%         7
 Bombard                  Conj/Erth      6%         9d2       99%         6
 Conjure Ball Lightning   Conj/Air       6%         3x3d6     99%         6
 Eringya's Noxious Bog    Tmut/Pois      6%         4d6       99%         6
 Plasma Beam              Fire/Air       6%         2x1d16    99%         6
 Simulacrum               Ice/Necr       9%         N/A       99%         6
 Starburst                Conj/Fire      6%         6d4       99%         6
 Ozocubu's Refrigeration  Ice            9%         4d9       100%        7
 Ignition                 Fire           6%         3d4       100%        8
 Infestation              Necr           6%         N/A       100%        8
 Maxwell's Capacitive Co  Air            6%         ∞         100%        8
 Chain Lightning          Conj/Air       6%         3d8       100%        9
 Death's Door             Necr           6%         N/A       100%        9
 Fire Storm               Conj/Fire      6%         8d2       100%        9
 Shatter                  Erth           6%         3d9*      100%        9


Dungeon Overview and Level Annotations

Branches:
Dungeon (15/15)            Temple (1/1) D:7            Lair (5/5) D:8
  Swamp (4/4) Lair:2       Spider (4/4) Lair:3        Slime (5/5) Lair:4
    Orc (2/2) D:9             Elf (3/3) Orc:2        Vaults (5/5) D:14
  Crypt (3/3) Vaults:3       Tomb (1/3) Crypt:3      Depths (4/4) D:15
   Hell (visited)             Zot (0/5) Depths:4      IceCv (visited)
Gauntlet (visited)
    Dis: Hell:1         Geh: Hell:1         Coc: Hell:1         Tar: Hell:1

Altars:
Ashenzari
Cheibriados
Dithmenos
Elyvilon
Fedhas
Gozag
Hepliaklqana
Kikubaaqudgha
Makhleb
Nemelex Xobeh
Okawaru
Qazlal
Ru
Sif Muna
Trog
Uskayaw
Vehumet
Wu Jian
Xom
Yredelemnul
Zin
The Shining One
Jiyva

Shops:
D:3 [(*   D:5 [   D:9 :   Orc:1 *   Orc:2 ([**   Elf:1 (   Elf:2 [=*!
Elf:3 ([   Vaults:1 :(   Vaults:3 (   Vaults:4 !   Depths:2 (   Depths:3 ?

Portals:
Hell: Depths:1 Depths:2 Depths:3 Depths:4
Abyss: Depths:3
Pandemonium: Depths:2 Depths:3
Ziggurat: Depths:4
Trove: D:15 (give horn of Geryon)

Annotations:
Swamp:3 1 transporter, Talonman3's ghost, adept DjFE
Spider:3 3 runed translucent doors, ouz's ghost, adept OpSh
Vaults:1 2 runed translucent doors, quaternion's ghost, veteran MiFi
Vaults:5 Xtahua
Hell Geryon


Innate Abilities, Weirdness & Mutations

You are very small and have problems with some larger weapons.
You are too small for most types of armour.
You have supernaturally acute eyesight. (SInv)
You cover ground extremely quickly. (Speed+++)
Your flesh is cold resistant. (rC+)
Your body sometimes deteriorates upon taking damage.
You are occasionally teleported next to monsters.
Potions are less effective at restoring your health.
You occasionally lose the ability to drink potions when taking damage.
You occasionally lose the ability to read scrolls when taking damage.
You expend magic power (3 MP) to strengthen your wands.


Message History

The emperor scorpion is engulfed in freezing vapours.
The emperor scorpion is engulfed in blazing flames.
The death scarab fails to trigger a net trap.
The royal mummy calls on the powers of darkness!
The emperor scorpion convulses! x2; Your body is wracked with pain!
* * * LOW HITPOINT WARNING * * *
A royal mummy comes into view.
The emperor scorpion fails to trigger a net trap.
Your system partially rejects the healing.
You feel better. You block the death scarab's attack.
The royal mummy is engulfed in freezing vapours.
You feel yourself speed up.
The death scarab disappears in a puff of smoke!
The death scarab fails to trigger a net trap.
The royal mummy gestures wildly while chanting.
The royal mummy is engulfed in blazing flames.
The emperor scorpion fails to trigger a net trap.
The death scarab waves its antennae.
The death scarab completely misses you.
The royal mummy is engulfed in blazing flames.
The royal mummy calls on the powers of darkness!
The emperor scorpion convulses! x2; Your body is wracked with pain!
* * * LOW HITPOINT WARNING * * *
A royal mummy comes into view.
You block the royal mummy's attack.
The death scarab is engulfed in blazing flames.
The death scarab disappears in a puff of smoke!
You block the royal mummy's attack.
The royal mummy attacks as it pursues you!
The royal mummy completely misses you. You block the death scarab's attack.
The death scarab disappears in a puff of smoke!
The death scarab is engulfed in blazing flames.
You block the death scarab's attack.
The death scarab sets off the alarm!
The mark upon you grows brighter.
You flicker for a moment.
A royal mummy comes into view.
The royal mummy casts a spell at you. Something smites you!
You die...

.........# ....^. .........#
...... .........# .....^
.........# ...... .........#
...... .........# ......
.........##
.........##.M####################
.........##.....@^B.§............
.........##....☼^.○.....§........
.........########################
.....^...########################
.................................
.................................
.................................
.................................
^............................<†..


You could see a royal mummy and a death scarab (summoned, unable to see you).

Vanquished Creatures
  the Royal Jelly (Slime:5)
  2 dread liches (Vaults:4)
  An ancient lich (Crypt:3)
  Mara (Vaults:3)
  Mennas (Vaults:4)
  Sojobo (Vaults:3)
  A juggernaut (Depths:4)
  Bai Suzhen (Vaults:3)
  13 caustic shrikes
  Nikola (Swamp:1)
  2 bone dragons
  2 golden dragons (Depths:2)
  Arachne (Spider:3)
  3 hellephants
  3 doom hounds (Depths:2)
  Jorgrun (D:14)
  Mlioglotl (Swamp:1)
  2 tentacled monstrosities
  4 liches
  Grunn (Depths:3)
  3 deep elf blademasters
  2 deep elf master archers (Elf:3)
  2 titans
  A walking earthen tome (Depths:2)
  19 sphinxes
  45 acid blobs
  2 walking divine tomes (Depths:2)
  10 ancient champions
  The ghost of Turbonekonecno the Ninja, an adept SpEn of Fedhas (Vaults:2)
  10 tengu reavers
  6 storm dragons
  Donald (Swamp:4)
  Kirke (Lair:5)
  A thorn hunter (Swamp:2)
  3 revenants
  6 shadow dragons
  Aizul (Spider:3)
  35 azure jellies
  4 fire giants
  28 rockslimes
  An azure jelly (shapeshifter) (Vaults:4)
  5 deep elf sorcerers
  3 iron dragons
  2 orc warlords
  3 curse skulls (Crypt:2)
  3 emperor scorpions
  6 frost giants
  A balrug (Depths:3)
  A draconian knight (Depths:4)
  6 deep elf elementalists (Elf:3)
  A draconian stormcaller (Depths:4)
  6 ghost moths
  16 vault wardens
  Louise (Depths:3)
  4 formless jellyfish
  3 ghouls (Crypt:3)
  16 very ugly things
  24 quicksilver oozes
  14 ironbound preservers
  A spriggan defender (Depths:2)
  2 war gargoyles (Vaults:4)
  A reaper (IceCv)
  9 ironbound thunderhulks
  6 caustic shrike skeletons (Crypt:3)
  A juggernaut skeleton (Crypt:3)
  The ghost of hitsuchi the Spear-Bearer, a journeyman AtFi of Gozag (Lair:4)
  3 eleionomae
  Nessos (D:12)
  11 stone giants
  3 vampire knights
  2 minotaurs
  4 deep elf demonologists
  7 deep elf annihilators
  3 red draconians (Depths:4)
  5 dire elephants
  A yellow draconian (Depths:4)
  A bunyip (Swamp:1)
  13 spark wasps
  3 merfolk javelineers
  8 ettins
  4 eidola
  Josephine (Lair:3)
  A mummy priest (Tomb:1)
  10 fire dragons
  The ghost of Jano the Grappler, a journeyman TrFi of Yredelemnul (Lair:1)
  13 deep elf death magi
  10 yaktaur captains
  4 entropy weavers
  3 deep elf high priests
  16 jiangshi
  Fannar (Lair:2)
  5 rakshasas
  A shambling mangrove (Swamp:1)
  Harold (D:8)
  A quicksilver dragon skeleton (Depths:1)
  9 great orbs of eyes
  9 ice dragons
  5 ghost crabs
  3 ogre magi
  4 spriggan air magi
  A peacekeeper (Vaults:4)
  18 hydras
  A sphinx zombie (Crypt:1)
  18 centaur warriors
  A spriggan skeleton (Crypt:3)
  38 vault guards
  14 ironbound frosthearts
  7 jorogumos
  7 boulder beetles
  The ghost of temujin the Destroyer, a journeyman DECj of Sif Muna (D:12)
  26 dancing weapons
  10 alligators
  3 catoblepae (Lair:5)
  13 two-headed ogres
  3 death knights
  2 hell hogs
  A boulder beetle (shapeshifter) (D:15)
  4 deep troll earth magi
  5 tengu warriors
  7 radroaches
  4 death yaks (Lair:5)
  5 death scarabs
  6 deep troll shamans
  3 demonic crawlers
  8 vampire magi
  An orc high priest (Orc:1)
  5 spriggan berserkers
  22 deep elf knights
  20 hell knights
  25 skeletal warriors
  12 spriggans
  7 iron trolls
  4 shadow wraiths
  A skyshark (Lair:5)
  A death drake (Swamp:3)
  2 bunyip zombies
  A spectral bunyip (Swamp:4)
  A spark wasp zombie (Depths:3)
  A golden dragon zombie (Depths:3)
  A storm dragon skeleton (Crypt:3)
  2 goliath frogs
  3 pharaoh ants
  A spriggan druid (Swamp:3)
  2 sun moths (Spider:4)
  4 swamp dragons
  2 sixfirhies
  2 titan skeletons (Crypt:3)
  53 deep trolls
  7 bog bodies
  3 glowing orange brains
  15 orb spiders
  3 flayed ghosts
  6 wizards
  An obsidian statue (D:13)
  9 deep elf archers
  3 spectral hydras (Swamp:4)
  A bunyip skeleton (Crypt:3)
  6 phantasmal warriors
  2 alligator zombies (Swamp:4)
  A lindwurm (shapeshifter) (Vaults:4)
  29 deep elf zephyrmancers
  8 necromancers
  17 ironbound convokers
  2 mana vipers (shapeshifter)
  An orange crystal statue (D:13)
  8 lindwurms
  19 orc knights
  38 deep elf pyromancers
  35 ugly things
  A wolf spider (shapeshifter) (Vaults:2)
  6 shining eyes
  16 steelbarb worms
  3 will-o-the-wisps
  A shining eye (shapeshifter) (Depths:2)
  A cyclops (D:13)
  2 shadow dragon skeletons (Depths:1)
  24 wolf spiders
  An iron dragon skeleton (Crypt:3)
  5 manticores
  2 human skeletons (Vaults:1)
  4 moths of wrath
  A stone giant skeleton (Crypt:3)
  A guardian serpent (shapeshifter) (Vaults:3)
  A fire giant skeleton (Crypt:2)
  A rust devil (Depths:2)
  6 black mambas
  10 elephants (Lair:5)
  2 naga magi (Depths:1)
  14 cane toads
  An orange demon (Depths:2)
  A smoke demon (Depths:3)
  An eye of devastation (Slime:4)
  2 ice statues (IceCv)
  Maggie (D:9)
  9 torpor snails
  13 vault sentinels
  A hellion (Depths:2)
  2 gargoyles
  An efreet (D:14)
  5 swamp worm zombies (Swamp:4)
  2 dire elephant skeletons (Crypt:3)
  A grey draconian zombie (Crypt:2)
  An unseen horror zombie (Crypt:2)
  Psyche (D:8)
  2 minotaur zombies (Gauntlet)
  4 komodo dragons
  34 yaktaurs
  6 freezing wraiths
  A kobold demonologist (D:13)
  5 rime drakes
  3 anaconda simulacra (IceCv)
  A pale draconian zombie (Crypt:1)
  4 ice devils
  2 tengu conjurers
  A harpy zombie (Crypt:3)
  4 hydra zombies (Swamp:4)
  9 guardian mummies
  A troll (shapeshifter) (Vaults:4)
  A death yak skeleton (Crypt:2)
  4 polar bears
  A moth of wrath zombie (Crypt:3)
  3 trolls
  25 tarantellas
  A wolf spider simulacrum (D:14)
  12 hornets
  A tengu simulacrum (Depths:1)
  13 tyrant leeches
  9 blink frogs
  6 meliai
  3 harpy skeletons (Crypt:3)
  A fire giant simulacrum (Vaults:2)
  A spectral dream sheep (Gauntlet)
  4 human simulacra
  A wind drake (shapeshifter) (Vaults:4)
  12 dream sheep
  127 slime creatures
  A spectral swamp dragon (Swamp:4)
  A jumping spider zombie (Crypt:3)
  37 jumping spiders
  6 flying skulls (Crypt:1)
  An ice dragon skeleton (Tomb:1)
  4 air elementals
  An ettin skeleton (Tomb:1)
  5 wyverns
  A vampire (D:11)
  A wind drake zombie (Crypt:3)
  28 culicivoras
  12 wraiths
  A dire elephant simulacrum (IceCv)
  8 shadows
  14 water elementals
  49 yaks
  3 fire elementals
  4 hogs (Lair:5)
  2 basilisks
  An ushabti (Tomb:1)
  5 golden eyes (Slime:5)
  A chaos spawn (Depths:2)
  2 steam dragons
  56 redbacks
  A death yak simulacrum (IceCv)
  23 vampire mosquitoes
  An acid dragon (D:10)
  3 harpy simulacra (IceCv)
  11 wargs
  29 swamp worms
  16 water moccasins
  3 hydra simulacra (IceCv)
  A faun skeleton (Crypt:1)
  4 swamp drakes
  43 orc warriors
  5 black bears
  A sky beast (D:7)
  A black bear (shapeshifter) (Vaults:4)
  2 ice beasts
  3 swamp dragon zombies (Swamp:4)
  5 naga skeletons (Crypt:3)
  A snapping turtle skeleton (Crypt:3)
  13 wolves
  13 ogres
  A lindwurm zombie (Crypt:2)
  A swamp dragon skeleton (Crypt:2)
  7 centaurs
  10 phantoms
  3 human zombies
  4 kobold brigands
  4 necrophages (Crypt:3)
  3 earth elementals
  12 bullfrogs
  A wyvern zombie (Crypt:1)
  A bullfrog (shapeshifter) (Vaults:2)
  2 gnoll sergeants (D:10)
  6 scorpions
  A cane toad simulacrum (IceCv)
  31 wights
  6 killer bees
  A raiju zombie (Crypt:1)
  15 electric eels
  8 howler monkeys
  15 orc priests
  A hound (D:6)
  3 iguanas
  2 jellies (Lair:4)
  3 gnoll boudas
  A basilisk skeleton (Crypt:1)
  Terence (D:3)
  26 orc wizards
  3 spectral swamp drakes (Swamp:4)
  A spriggan simulacrum (IceCv)
  A boggart skeleton (Crypt:3)
  A polar bear simulacrum (IceCv)
  A wolf simulacrum (IceCv)
  12 mummies (Tomb:1)
  25 gnolls
  A swamp drake zombie (Swamp:4)
  4 adders
  A naga simulacrum (IceCv)
  3 shadow imps
  4 white imps
  6 ufetubi
  3 dart slugs
  98 orcs
  6 ball pythons
  A bat zombie (Crypt:2)
  7 endoplasms
  A giant cockroach (D:2)
  9 hobgoblins
  3 jackals (D:5)
  26 kobolds
  2 quokkas (D:2)
  A ball python skeleton (Crypt:3)
  5 bats
  A dart slug zombie (Crypt:1)
  A frilled lizard (D:1)
  8 goblins
  A hobgoblin zombie (Crypt:2)
  A jackal skeleton (Crypt:2)
  An orc skeleton (Crypt:3)
  5 rats
2402 creatures vanquished.

Vanquished Creatures (others)
  Asterion (Elf:1)
  2 acid blobs (Slime:5)
  2 azure jellies (Slime:5)
  3 quicksilver oozes (Slime:5)
  2 deep elf demonologists (Vaults:5)
  A deep elf knight (Elf:3)
  A goliath frog (Swamp:3)
  A wizard (Depths:2)
  A deep elf pyromancer (Elf:1)
  A hornet (Swamp:3)
  2 bloated husks
  A spriggan (Swamp:3)
  An air elemental (Elf:2)
  A vampire mosquito (Swamp:3)
  An orc wizard (Vaults:5)
  An orc (Vaults:5)
  A kobold (D:11)
  6 foxfires
29 creatures vanquished.

Grand Total: 2431 creatures vanquished

Notes
Turn   | Place    | Note
-------+----------+-------------------------------------------
     0 | D:1      | BinkBink the Spriggan Hunter began the quest for the Orb.
     0 | D:1      | Reached XP level 1. HP: 10/10 MP: 2/2
   104 | D:1      | Reached XP level 2. HP: 15/15 MP: 3/3
   138 | D:1      | Found a faded altar of an unknown god.
   152 | D:1      | Found a faded altar of an unknown god.
   230 | D:1      | Prayed at the altar of an unknown god.
   230 | D:1      | Became a worshipper of Qazlal Stormbringer
   230 | D:1      | Reached * piety under Qazlal
   447 | D:2      | Identified the +0 helmet of Iledgh {rN+}
   465 | D:2      | Reached XP level 3. HP: 17/18 MP: 4/4
   679 | D:2      | Reached skill level 5 in Ranged Weapons
   690 | D:2      | Reached XP level 4. HP: 20/23 MP: 5/5
   869 | D:2      | Reached ** piety under Qazlal
  1036 | D:3      | Found Derooq's Armour Boutique.
  1084 | D:3      | Found Dewiq's Weapon Shoppe.
  1137 | D:3      | Found Fibagad's Assorted Antiques.
  1175 | D:3      | Bought a bubbling clear potion for 13 gold pieces
  1175 | D:3      | Bought a scroll labelled ONISSICHUN for 15 gold pieces
  1175 | D:3      | Bought a fuming yellow potion for 13 gold pieces
  1175 | D:3      | Bought a scroll labelled JEORCH ALANI for 15 gold pieces
  1175 | D:3      | Bought a bubbling clear potion for 13 gold pieces
  1178 | D:3      | Noticed Terence
  1577 | D:3      | Killed Terence
  1578 | D:3      | Reached XP level 5. HP: 26/27 MP: 6/6
  1681 | D:4      | Found a bloodstained altar of Trog.
  1681 | D:4      | Found a snail-covered altar of Cheibriados.
  2045 | D:4      | Reached *** piety under Qazlal
  2159 | D:4      | Reached XP level 6. HP: 26/32 MP: 5/7
  2270 | D:5      | Entered Level 5 of the Dungeon
  2338 | D:5      | Found Jisosess's Antique Armour Shoppe.
  2431 | D:5      | Found an ancient bone altar of Kikubaaqudgha.
  2483 | D:5      | Found an iron altar of Okawaru.
  2483 | D:5      | Noticed an ice beast
  2533 | D:5      | Killed an ice beast
  2664 | D:5      | Found a hazy altar of Hepliaklqana.
  2743 | D:5      | Found a radiant altar of Vehumet.
  2816 | D:5      | Found a runed translucent door.
  2820 | D:5      | Found the +0 toga "Victory" {*Victory Clar}
  2874 | D:6      | Reached XP level 7. HP: 20/37 MP: 4/8
  3883 | D:6      | Found a shimmering blue altar of Sif Muna.
  3932 | D:6      | Reached XP level 8. HP: 36/42 MP: 9/9
  4080 | D:6      | Reached skill level 5 in Fighting
  4938 | D:7      | Reached **** piety under Qazlal
  5030 | D:7      | Found a staircase to the Ecumenical Temple.
  5330 | D:7      | Reached skill level 10 in Ranged Weapons
  5428 | D:7      | Reached XP level 9. HP: 37/48 MP: 10/10
  5487 | D:7      | Found a sacrificial altar of Ru.
  6074 | Temple   | Entered the Ecumenical Temple
  6713 | D:8      | Found a staircase to the Lair.
  6807 | D:8      | Noticed a two-headed ogre
  6891 | D:8      | Killed a two-headed ogre
  6893 | D:8      | Reached XP level 10. HP: 55/55 MP: 11/11
  6941 | D:8      | Found a shimmering altar of Xom.
  7165 | D:8      | Found a sparkling altar of Nemelex Xobeh.
  8209 | D:8      | Noticed Psyche
  8273 | D:8      | Killed Psyche
  8644 | D:9      | Noticed Harold
  8937 | D:8      | Killed Harold
  9035 | D:8      | Reached ***** piety under Qazlal
  9428 | D:9      | Found a staircase to the Orcish Mines.
  9843 | D:9      | Found Xoaxtuil's Book Emporium.
  9866 | D:9      | Noticed Maggie
  9893 | D:9      | Killed Maggie
  9894 | D:9      | Reached XP level 11. HP: 36/60 MP: 12/12
 10129 | D:10     | Entered Level 10 of the Dungeon
 10175 | D:10     | Noticed an orc knight
 10213 | D:10     | Noticed a green ugly thing
 10351 | D:10     | Killed an orc knight
 10380 | D:10     | Killed a green ugly thing
 11060 | D:10     | Found a broken altar of Ashenzari.
 12033 | D:11     | Noticed a green ugly thing
 12036 | D:11     | Noticed a purple ugly thing
 12055 | D:10     | Reached skill level 15 in Ranged Weapons
 12216 | D:11     | Noticed a two-headed ogre
 12254 | D:11     | Killed a two-headed ogre
 13245 | D:11     | Noticed a green ugly thing
 13504 | D:11     | Killed a white ugly thing
 13580 | D:11     | Killed a white ugly thing
 13735 | D:11     | Killed a green ugly thing
 13878 | D:12     | Noticed Nessos
 13931 | Orc:1    | Entered Level 1 of the Orcish Mines
 13939 | Orc:1    | Noticed an orc knight
 13980 | D:9      | Killed an orc knight
 13981 | D:9      | Reached XP level 12. HP: 67/67 MP: 13/13
 14069 | Orc:1    | Reached skill level 10 in Fighting
 14303 | Orc:1    | Reached ****** piety under Qazlal
 14347 | Orc:1    | Found Emea's Overcharged Wands.
 14581 | Orc:2    | Entered Level 2 of the Orcish Mines
 14581 | Orc:2    | Noticed an orc high priest
 15029 | Orc:2    | Found a staircase to the Elven Halls.
 15200 | Orc:1    | Killed an orc high priest
 15576 | Orc:2    | Found Xeuntit's General Store.
 15576 | Orc:2    | Found Rofaxt's Assorted Antiques.
 15635 | Orc:2    | Noticed a two-headed ogre
 15643 | Orc:2    | Killed a two-headed ogre
 15832 | Orc:2    | Found Cegiumpu's Antique Armour Shoppe.
 15832 | Orc:2    | Found Diawad's Weapon Shop.
 15980 | Orc:2    | Bought the +0 mask of the Dragon {Will+ Slay+3 SInv} for
                  | 835 gold pieces
 15980 | Orc:2    | Found the +0 mask of the Dragon {Will+ Slay+3 SInv}
 16158 | D:5      | Reached skill level 3 in Dodging
 16193 | D:5      | Gained mutation: You are agile. (Dex +4, Str/Int -1)
                  | [potion of mutation]
 16193 | D:5      | Gained mutation: Your mind is acute. (Int +4, Str/Dex -1)
                  | [potion of mutation]
 16193 | D:5      | Gained mutation: Your flesh is cold resistant. (rC+)
                  | [potion of mutation]
 16504 | Lair:1   | Entered Level 1 of the Lair of Beasts
 16592 | Lair:1   | Reached XP level 13. HP: 74/74 MP: 14/14
 16647 | Lair:1   | Reached skill level 4 in Dodging
 16711 | Lair:1   | Reached skill level 5 in Dodging
 16757 | Lair:1   | Found a runed translucent gate.
 16757 | Lair:1   | Found a runed translucent gate.
 16757 | Lair:1   | Found a runed translucent gate.
 16762 | Lair:1   | Noticed a minotaur
 16763 | Lair:1   | Noticed Jano's ghost (journeyman TrFi)
 16825 | Lair:1   | You are sucked into a shaft and drop 1 floor!
 16838 | Lair:2   | Reached skill level 6 in Dodging
 16981 | Lair:2   | Reached skill level 7 in Dodging
 17155 | Lair:2   | Noticed Fannar
 17160 | Lair:2   | Killed Fannar
 17161 | Lair:2   | Reached skill level 8 in Dodging
 17264 | Lair:2   | Found a staircase to the Swamp.
 18366 | Lair:3   | Reached skill level 9 in Dodging
 18411 | Lair:3   | Found a burning altar of Makhleb.
 18668 | Lair:3   | Found a hole to the Spider Nest.
 18958 | Lair:3   | Reached skill level 10 in Dodging
 19287 | Lair:4   | Found a runed translucent door.
 19288 | Lair:4   | Found a viscous altar of Jiyva.
 19290 | Lair:4   | Found a staircase to the Slime Pits.
 19360 | Lair:4   | Found a runed translucent door.
 19373 | Lair:4   | Found a shimmering altar of Xom.
 19373 | Lair:4   | Noticed hitsuchi's ghost (journeyman AtFi)
 19597 | Lair:4   | Reached XP level 14. HP: 81/81 MP: 15/15
 20035 | Lair:5   | Entered Level 5 of the Lair of Beasts
 20038 | Lair:5   | Reached skill level 11 in Dodging
 20056 | Lair:5   | Noticed Kirke
 20337 | Lair:5   | Noticed a sphinx
 20343 | Lair:5   | Reached skill level 12 in Dodging
 20468 | Lair:5   | Killed Kirke
 20861 | Lair:5   | Reached skill level 13 in Dodging
 21984 | D:12     | Reached skill level 14 in Dodging
 22005 | D:12     | Killed Nessos
 22190 | D:12     | Found a runed translucent gate.
 22190 | D:12     | Found a runed translucent gate.
 22191 | D:12     | Noticed an acid blob
 22191 | D:12     | Noticed an azure jelly
 22191 | D:12     | Noticed an azure jelly
 22192 | D:12     | Noticed an azure jelly
 22193 | D:12     | Found a runed translucent gate.
 22193 | D:12     | Noticed an azure jelly
 22194 | D:12     | Noticed an acid blob
 22195 | D:12     | Noticed an acid blob
 22197 | D:12     | Noticed an acid blob
 22199 | D:12     | Noticed a quicksilver ooze
 22200 | D:12     | Noticed temujin's ghost (journeyman DECj)
 22467 | D:12     | Found a hazy altar of Hepliaklqana.
 22637 | D:12     | Found a viscous altar of Jiyva.
 22786 | Lair:1   | Killed Jano's ghost
 23226 | D:13     | Reached XP level 15. HP: 88/88 MP: 16/16
 23230 | D:13     | Reached skill level 15 in Dodging
 23563 | D:13     | Found a frozen archway.
 23573 | IceCv    | Entered an ice cave
 24438 | D:14     | Noticed Jorgrun
 24450 | D:14     | Killed Jorgrun
 24490 | D:14     | Reached skill level 16 in Dodging
 24554 | D:14     | Reached skill level 15 in Fighting
 25046 | D:14     | Found a gate to the Vaults.
 25297 | D:15     | Entered Level 15 of the Dungeon
 25529 | D:15     | Reached skill level 17 in Dodging
 25543 | D:15     | Found a portal to a secret trove of treasure.
 25791 | D:15     | Found a gate leading to a gauntlet.
 25798 | Gauntlet | Entered a Gauntlet
 25798 | Gauntlet | Found a transporter.
 25807 | Gauntlet | Found a transporter.
 25809 | Gauntlet | Found a transporter.
 25814 | Gauntlet | Found a runed translucent door.
 25816 | Gauntlet | Found a runed translucent door.
 25819 | Gauntlet | Found a transporter.
 25822 | Gauntlet | Found a transporter.
 25831 | Gauntlet | Found a transporter.
 25852 | Gauntlet | Found a transporter.
 25863 | Gauntlet | Found a transporter.
 25875 | Gauntlet | Found a transporter.
 25897 | Gauntlet | Found a transporter.
 25898 | Gauntlet | Found a transporter.
 25909 | Gauntlet | Found a transporter.
 25957 | Gauntlet | Found a transporter.
 25965 | Gauntlet | Found a runed translucent door.
 25969 | Gauntlet | Found a runed translucent door.
 25971 | Gauntlet | Found a transporter.
 26148 | Gauntlet | Identified the ring "Derus" {Will+ rCorr Int-2 Dex+5}
 26626 | D:15     | Found a staircase to the Depths.
 26881 | D:15     | Learned a level 2 spell: Blink
 27136 | Swamp:1  | Entered Level 1 of the Swamp
 27354 | Swamp:1  | Reached skill level 1 in Spellcasting
 27354 | Swamp:1  | Reached skill level 1 in Translocations
 27359 | Swamp:1  | Reached skill level 18 in Dodging
 27359 | Swamp:1  | Reached XP level 16. HP: 96/96 MP: 18/18
 27429 | Swamp:1  | You are sucked into a shaft and drop 1 floor!
 27438 | Swamp:1  | Identified the +0 pair of gloves of Virtue {rF+++ Int+7
                  | Dex-4}
 27438 | Swamp:1  | Noticed Nikola
 27446 | Swamp:1  | Killed Nikola
 27884 | Swamp:2  | Noticed Mlioglotl
 28180 | Swamp:2  | Noticed a thorn hunter
 28192 | Swamp:2  | Killed a thorn hunter
 28250 | Swamp:2  | Noticed a tentacled starspawn
 28267 | Swamp:1  | Killed Mlioglotl
 28411 | Swamp:2  | Reached skill level 5 in Translocations
 29182 | Swamp:3  | Found a transporter.
 29187 | Swamp:3  | Noticed Talonman3's ghost (adept DjFE)
 29194 | Swamp:3  | Identified the amulet "Baashac" {Acrobat Fragile rElec
                  | rF+++ Str-2}
 29201 | Swamp:3  | Noticed a thorn hunter
 29202 | Swamp:3  | Found a transporter.
 29273 | Swamp:3  | Reached skill level 5 in Spellcasting
 29615 | Swamp:3  | Found the +8 lance "Wyrmbane" {slay drac, rPois rF+ rC+
                  | AC+3}
 29626 | Swamp:3  | Got an ancient book
 29956 | Swamp:4  | Entered Level 4 of the Swamp
 29981 | Swamp:4  | Noticed Donald
 30032 | Swamp:4  | Killed Donald
 30033 | Swamp:4  | Reached skill level 19 in Dodging
 30731 | Swamp:4  | Noticed a bone dragon
 30763 | Swamp:4  | Killed a bone dragon
 30764 | Swamp:4  | Reached XP level 17. HP: 101/101 MP: 27/29
 31067 | Swamp:4  | Got a decaying rune of Zot
 31404 | D:12     | Killed an acid blob
 31454 | D:12     | Killed an acid blob
 31546 | D:12     | Killed an acid blob
 31558 | D:12     | Killed temujin's ghost
 31663 | D:12     | Killed an acid blob
 31763 | D:12     | Got a droning book
 31961 | Spider:1 | Entered Level 1 of the Spider Nest
 32177 | Lair:3   | Reached skill level 10 in Translocations
 32614 | Spider:1 | Noticed Josephine
 33100 | Lair:3   | Reached skill level 20 in Dodging
 33813 | Lair:3   | Killed Josephine
 33964 | Lair:3   | Learned a level 3 spell: Summon Guardian Golem
 34307 | Spider:1 | Reached skill level 1 in Hexes
 34773 | Spider:2 | Reached skill level 1 in Summonings
 35682 | Spider:3 | Noticed Arachne
 35688 | Spider:3 | Killed Arachne
 35689 | Spider:3 | Reached skill level 10 in Spellcasting
 35694 | Spider:3 | Noticed Aizul
 35701 | Spider:3 | Killed Aizul
 35873 | Spider:3 | Reached XP level 18. HP: 100/108 MP: 33/33
 36165 | Spider:3 | Noticed ouz's ghost (adept OpSh)
 36177 | Spider:3 | Found a runed translucent gate.
 36177 | Spider:3 | Found a runed translucent gate.
 36177 | Spider:3 | Found a runed translucent gate.
 36634 | Spider:4 | Entered Level 4 of the Spider Nest
 37790 | Spider:4 | Reached skill level 5 in Hexes
 38645 | Elf:1    | Entered Level 1 of the Elven Halls
 38698 | Elf:1    | Noticed Asterion
 38704 | Elf:1    | Killed Asterion
 38900 | Elf:1    | Found Nifash's Weapon Shoppe.
 39252 | Elf:1    | Reached skill level 21 in Dodging
 39619 | Elf:2    | Found Zofo's Jewellery Shoppe.
 39623 | Elf:2    | Found Fyelac's Armour Shoppe.
 39624 | Elf:2    | Found Teyh's Distillery.
 39624 | Elf:2    | Found Etaqak's Assorted Antiques.
 39907 | Elf:2    | Identified a scroll of acquirement
 40019 | Elf:2    | Found a runed translucent gate.
 40020 | Elf:2    | Found a runed translucent gate.
 40020 | Elf:2    | Found a runed translucent gate.
 40238 | Elf:2    | Got a mumbling book
 40415 | Elf:2    | Reached skill level 5 in Summonings
 41191 | Elf:3    | Entered Level 3 of the Elven Halls
 41195 | Elf:3    | Found Mietipt's Weapon Emporium.
 41205 | Elf:3    | Reached XP level 19. HP: 113/113 MP: 36/36
 41878 | Elf:3    | Found Apsa's Armour Shop.
 41878 | Elf:3    | Paralysed by an air elemental for 1 turns
 41882 | Elf:3    | Paralysed by an air elemental for 1 turns
 43138 | Spider:4 | Reached skill level 22 in Dodging
 43653 | Spider:4 | Got a gossamer rune of Zot
 44603 | Slime:1  | Entered Level 1 of the Pits of Slime
 44984 | Lair:4   | Killed hitsuchi's ghost
 45978 | Lair:4   | Reached skill level 10 in Hexes
 46616 | Slime:3  | Reached XP level 20. HP: 119/119 MP: 38/38
 47455 | Slime:3  | Gained mutation: You occasionally lose the ability to read
                  | scrolls when taking damage. [a shining eye]
 47818 | Slime:4  | Paralysed by a formless jellyfish for 1 turns
 48121 | Slime:5  | Entered Level 5 of the Pits of Slime
 48657 | Slime:4  | Reached skill level 23 in Dodging
 48756 | Slime:5  | Gained mutation: You have a pair of small horns on your
                  | head. [a shining eye]
 48757 | Slime:5  | Noticed the Royal Jelly
 48765 | Slime:5  | Gained mutation: Your flesh is heat resistant. (rF+) [a
                  | shining eye]
 48954 | Slime:5  | Found the +4 Cigotuvi's embrace {Corpsefed rMiasma Drain
                  | rN+}
 48956 | Slime:5  | Lost mutation: You are agile. (Dex +4, Str/Int -1) [a
                  | shining eye]
 49331 | Slime:5  | Gained mutation: Your mind is very acute. (Int +8, Str/Dex
                  | -2) [a shining eye]
 49333 | Slime:5  | Lost mutation: Your flesh is heat resistant. (rF+) [a
                  | shining eye]
 49335 | Slime:5  | Gained mutation: Potions are less effective at restoring
                  | your health. [a shining eye]
 49340 | Slime:5  | Gained mutation: Your body sometimes deteriorates upon
                  | taking damage. [a shining eye]
 50364 | Slime:4  | Acquired Sif Muna's Grimoire of Congregated Location
 51258 | Elf:3    | Identified the +4 ring mail of Esemm {Harm rPois Int+4
                  | Dex+2}
 51556 | Elf:3    | Reached skill level 15 in Spellcasting
 52069 | Elf:3    | Identified the +5 plate armour "Tipiump" {Will++ rCorr
                  | Str+3 Dex-5}
 52091 | Elf:3    | Identified the staff "Anomyuff" {+Blink rF+ rC- Str+8 Dex-2
                  | Fire}
 52462 | Elf:3    | Got an embossed book
 54625 | Depths:1 | Entered Level 1 of the Depths
 55432 | D:15     | Learned a level 4 spell: Flame Wave
 55435 | D:15     | Learned a level 2 spell: Cigotuvi's Dreadful Rot
 55442 | D:15     | Learned a level 6 spell: Summon Cactus Giant
 55509 | D:15     | Reached XP level 21. HP: 121/125 MP: 41/41
 55948 | Depths:1 | Found a gateway to Hell.
 55997 | Depths:1 | Found a hide-covered altar of Uskayaw.
 56593 | Depths:1 | Found a radiant altar of Vehumet.
 56802 | Depths:1 | Found the +3 hat of Pondering {ponderous, Will+ MP+10
                  | Int+5}
 56808 | Depths:1 | Identified the +1 robe of the Hart {Slay+3 Archmagi}
 56914 | Depths:1 | Identified the amulet "Unlaonio" {Reflect Str+3 SH+5}
 57300 | Depths:2 | Reached skill level 24 in Dodging
 57882 | Depths:2 | Noticed a caustic shrike
 57933 | Depths:2 | Killed a caustic shrike
 57934 | Depths:2 | Noticed a caustic shrike
 57940 | Depths:1 | Killed a caustic shrike
 58142 | Depths:2 | Found Judd's Antique Weapon Shoppe.
 58351 | Depths:1 | Lost mutation: Potions are less effective at restoring your
                  | health. [potion of mutation]
 58351 | Depths:1 | Lost mutation: Your body sometimes deteriorates upon taking
                  | damage. [potion of mutation]
 58351 | Depths:1 | Lost mutation: You have a pair of small horns on your head.
                  | [potion of mutation]
 58351 | Depths:1 | Gained mutation: You are strong-willed. (Will+) [potion of
                  | mutation]
 58351 | Depths:1 | Gained mutation: You sometimes lose the ability to read
                  | scrolls when taking damage. [potion of mutation]
 58352 | Depths:1 | Lost mutation: You sometimes lose the ability to read
                  | scrolls when taking damage. [potion of mutation]
 58352 | Depths:1 | Lost mutation: Your mind is very acute. (Int +8, Str/Dex
                  | -2) [potion of mutation]
 58352 | Depths:1 | Gained mutation: Your body sometimes deteriorates upon
                  | taking damage. [potion of mutation]
 58352 | Depths:1 | Gained mutation: You expend magic power (3 MP) to
                  | strengthen your wands. [potion of mutation]
 58352 | Depths:1 | Gained mutation: You have a pair of small antennae on your
                  | head. [potion of mutation]
 58353 | Depths:1 | Lost mutation: You have a pair of small antennae on your
                  | head. [potion of mutation]
 58353 | Depths:1 | Lost mutation: You are strong-willed. (Will+) [potion of
                  | mutation]
 58353 | Depths:1 | Lost mutation: Your mind is acute. (Int +4, Str/Dex -1)
                  | [potion of mutation]
 58353 | Depths:1 | Gained mutation: You occasionally lose the ability to drink
                  | potions when taking damage. [potion of mutation]
 58353 | Depths:1 | Gained mutation: You are occasionally teleported next to
                  | monsters. [potion of mutation]
 58773 | Hell     | Entered the Vestibule of Hell
 58773 | Hell     | Noticed Geryon
 59156 | Depths:2 | Reached skill level 10 in Summonings
 59210 | Depths:2 | Noticed a golden dragon
 59214 | Depths:2 | Killed a golden dragon
 59707 | Depths:2 | Found a one-way gate leading to the halls of Pandemonium.
 59903 | Depths:2 | Noticed a golden dragon
 59905 | Depths:2 | Killed a golden dragon
 61913 | Depths:3 | Noticed Grunn
 62356 | Depths:2 | Learned a level 5 spell: Summon Mana Viper
 63428 | Depths:2 | Reached XP level 22. HP: 131/131 MP: 44/44
 64308 | Slime:5  | Gained mutation: Potions are less effective at restoring
                  | your health. [a shining eye]
 64350 | Slime:5  | Found a viscous altar of Jiyva.
 64395 | Slime:5  | Killed the Royal Jelly
 65136 | Slime:5  | Got a slimy rune of Zot
 65247 | Slime:5  | Identified the +1 trident of Slow Death {venom, rElec Will+
                  | Str+4 Dex-4}
 65286 | Slime:5  | Identified the +1 long sword "Lacertilianbane" {flame, Fly
                  | rC+ Int+3}
 65358 | Slime:5  | Identified the +3 dagger "Daemomp" {heavy, rF+ Int+2}
 66938 | D:9      | Bought a book of Weapons for 336 gold pieces
 66943 | D:9      | Learned a level 4 spell: Dimensional Bullseye
 66945 | D:9      | Learned a level 1 spell: Freeze
 66954 | D:9      | Learned a level 8 spell: Disjunction
 67090 | Vaults:1 | Entered Level 1 of the Vaults
 67462 | Vaults:1 | Reached skill level 25 in Dodging
 68301 | Vaults:1 | Found Xukluw's Book Shop.
 68460 | Vaults:1 | Found a large runed translucent door.
 68460 | Vaults:1 | Found a large runed translucent door.
 68460 | Vaults:1 | Noticed quaternion's ghost (veteran MiFi)
 68531 | Vaults:1 | Found Odam's Weapon Boutique.
 69308 | Vaults:1 | Identified the ring of Saneiz {Wiz Dex+2}
 70161 | Vaults:2 | Identified the +3 dagger of Berou {elec, Str+2 Int+4}
 70700 | Vaults:2 | Found a runed translucent gate.
 70700 | Vaults:2 | Noticed Turbonekonecno's ghost (adept SpEn)
 70701 | Vaults:2 | Found a runed translucent gate.
 70701 | Vaults:2 | Found a runed translucent gate.
 71208 | Vaults:2 | Killed Turbonekonecno's ghost
 71384 | Vaults:3 | Noticed Bai Suzhen
 71395 | Vaults:3 | Noticed Sojobo
 71593 | Vaults:3 | Noticed Mara
 71594 | Vaults:3 | Noticed BinkBink's illusion
 71643 | Vaults:3 | Found Coemac's Weapon Emporium.
 71690 | Vaults:3 | Killed Bai Suzhen
 71898 | Vaults:3 | Killed Mara
 72091 | Vaults:3 | Killed Sojobo
 72261 | Vaults:3 | Reached XP level 23. HP: 137/137 MP: 46/46
 72363 | Vaults:3 | Reached skill level 26 in Dodging
 72776 | Vaults:3 | Found a staircase to the Crypt.
 73040 | Vaults:4 | Reached skill level 15 in Translocations
 74285 | Vaults:4 | Noticed Mennas
 74887 | Vaults:4 | Killed Mennas
 75117 | Vaults:4 | Found Ovanuas's Distillery.
 75213 | Vaults:5 | Entered Level 5 of the Vaults
 75946 | Vaults:5 | Noticed a dread lich
 76276 | Vaults:5 | Noticed a dread lich
 76374 | Vaults:5 | HP: 2/139 [vault warden/bolt (32)]
 76407 | Vaults:5 | HP: 3/139 [yaktaur captain/bolt (34)]
 76743 | Vaults:4 | Learned a level 6 spell: Dispersal
 76888 | Crypt:1  | Entered Level 1 of the Crypt
 77239 | Crypt:1  | Reached skill level 27 in Dodging
 77823 | Crypt:1  | Reached XP level 24. HP: 132/144 MP: 48/48
 77978 | Crypt:2  | Identified the +4 robe of Kaum {+Blink rN+ Str+2}
 78620 | Crypt:3  | Entered Level 3 of the Crypt
 79363 | Crypt:3  | Got a blackened book
 79396 | Crypt:3  | Noticed an ancient lich
 79451 | Crypt:3  | Killed an ancient lich
 79842 | Crypt:3  | Found an ancient bone altar of Kikubaaqudgha.
 79889 | Crypt:3  | Found a staircase to the Tomb.
 80337 | Crypt:3  | Identified the +4 falchion of the Bespelling Gods {vamp,
                  | Dex+5 Stlth+}
 80339 | Crypt:3  | Got a fusty book
 80355 | Crypt:3  | Identified the ring of the Singing Gods {Int+6 Dex+2}
 80367 | Crypt:3  | Identified the +5 dagger of Execution {heavy, rF+ Stlth+}
 81408 | Vaults:3 | Acquired the ring "Batiomasch" {Ice *Corrode Dex+7}
 81686 | Vaults:4 | Killed a dread lich
 81794 | Vaults:5 | Noticed Xtahua
 81819 | Vaults:5 | Identified the ring "Zonaibb" {Ice rN+ Will+ SInv}
 82140 | Vaults:4 | Killed a dread lich
 82289 | Vaults:5 | Identified the staff "Worm" {rElec Str+2 Int+2 Dex+3 Air}
 83505 | Vaults:5 | HP: 4/147 [deep elf high priest/a malign offering (14)]
 85342 | Depths:3 | Found Wyonneon's Magic Scroll Boutique.
 85345 | Depths:3 | Bought a scroll of butterflies for 56 gold pieces
 85345 | Depths:3 | Bought a scroll of teleportation for 42 gold pieces
 85345 | Depths:3 | Bought a scroll of teleportation for 42 gold pieces
 85345 | Depths:3 | Bought a scroll of poison for 56 gold pieces
 85538 | Depths:3 | Reached XP level 25. HP: 151/151 MP: 50/50
 85552 | Depths:3 | Found a one-way gate to the infinite horrors of the Abyss.
 85552 | Depths:3 | Noticed Louise
 85560 | Depths:3 | Killed Louise
 85650 | Depths:3 | Killed Grunn
 86061 | Depths:4 | Entered Level 4 of the Depths
 86474 | Depths:4 | Found a one-way gateway to a ziggurat.
 86478 | Depths:4 | Noticed a juggernaut
 86482 | Depths:4 | Paralysed by a floating eye for 2 turns
 86995 | Depths:4 | Killed a juggernaut
 87006 | Depths:4 | Identified the +0 cloak of Baleful Curiosity {rC+ Int+2
                  | SInv}
 87313 | Depths:4 | Found a gate to the Realm of Zot.
 87660 | Depths:4 | Paralysed by a floating eye for 4 turns
 88964 | Tomb:1   | Entered Level 1 of the Tomb of the Ancients
 89628 | Tomb:1   | Noticed a royal mummy
 89652 | Tomb:1   | Noticed a royal mummy
 89660 | Tomb:1   | Reached XP level 26. HP: 12/158 MP: 18/51
 89661 | Tomb:1   | Noticed a royal mummy
 89661 | Tomb:1   | Noticed a royal mummy
 89665 | Tomb:1   | Noticed a royal mummy
 89678 | Tomb:1   | Noticed a royal mummy
 89678 | Tomb:1   | Noticed a royal mummy
 89689 | Tomb:1   | HP: 7/158 [??? (5)]
 89689 | Tomb:1   | Noticed a royal mummy
 89696 | Tomb:1   | Noticed a royal mummy
 89733 | Tomb:1   | Noticed a royal mummy
 89735 | Tomb:1   | Killed from afar by a royal mummy

Illustrated notes

Levels and vault maps discovered:
D:1:      wander_arrival_lonely_grave, layout_rooms,
          hellmonk_ecumenical_altar_the_god_not_taken,
          nicolae_twisty_statue_hallways
D:2:      layout_rooms, serial_glass, glass_columns_a, glass_columns_a
D:3:      layout_rooms, serial_shops, nicolae_shop_overgrown_old_shop, shop,
          shop, minmay_box_of_dots, uniq_terence
D:4:      cheibrodos_thug_alley, layout_gridville,
          gammafunk_temple_overflow_elements
D:5:      layout_rooms, mainiacjoe_overflow_boulevard,
          nicolae_overflow_guarded_unrand_okawaru_victory, lemuel_doored_altar,
          mainiacjoe_overflow_surrounded_room, serial_shops,
          nicolae_take_the_stairs
D:6:      layout_loops_ring, mainiacjoe_overflow_alcove_1
D:7:      layout_loops_cross, nicolae_ru_awakened_eye,
          minmay_temple_entry_stoned_glass
D:8:      layout_basic, nemelex_xobeh_ov_fountains_minmay, xom_confusion_cloud,
          grunt_lair_entry_orc_guard_hut, nicolae_kite_square_tiling_tiny,
          patterned_corridor, uniq_psyche
D:9:      layout_long_grid, david_orc_2, serial_shops, shop,
          minmay_misc_feat_square, minmay_fountain_box, uniq_maggie, uniq_harold
D:10:     layout_basic, ashenzari_conservatory_becter, minivault_25_ag
D:11:     minmay_four_partial_circles, layout_loops_ring
D:12:     layout_small_grid, gammafunk_ghost_ooze,
          nicolae_hepliaklqana_hippocampus, uniq_nessos
D:13:     minmay_separated_statues, layout_basic, portal_ice_cave_demonic_guard
D:14:     layout_basic, erik_vaults_2, minmay_gold_behind_fungi, uniq_jorgrun
D:15:     gammafunk_enter_depths_forms, layout_basic, enter_trove_2,
          gauntlet_entry_generic
Temple:   bh_familiar_temple
Lair:1:   layout_small_grid, maelrawn_ghost_gauntlet_escape, grunt_megastairs_1,
          infiniplex_staircase_pool
Lair:2:   layout_cellular_growth, nicolae_swamp_entry_splash_gauntlet,
          serial_bayou, serial_bayou_pond_e, serial_bayou_pond_a,
          serial_bayou_pond_b, serial_bayou_shore_a, minivault_24, st_stairs_9,
          uniq_fannar
Lair:3:   layout_roguey, hellmonk_spider_entry_life_and_decay, basic_altar
Lair:4:   layout_regular_city, slime_entry_2, ebering_ghost_xom,
          grunt_megastairs_3, infiniplex_staircase_pool_2
Lair:5:   evilmike_catoblepas_cave, layout_layer_cave, uniq_kirke
Swamp:1:  layout_basic_swamp, evilmike_swamp_ruin_house_3, uniq_nikola
Swamp:2:  cheibrodos_swamp_tower_of_moss, layout_basic_swamp,
          nicolae_swamp_big_swirl, swamp_pool5, uniq_mlioglotl
Swamp:3:  layout_basic_swamp, gammafunk_ghost_arena, nicolae_swamp_fairy_circle,
          swamp_pool1, worms_lemuel
Swamp:4:  swamp_pestilence, layout_basic_swamp, swamp_pool1,
          nicolae_swamp_vermiculated, uniq_donald
Spider:1: layout_spider_delve, uniq_josephine
Spider:2: layout_spider_delve
Spider:3: layout_spider_delve, gammafunk_ghost_split,
          nicolae_spider_cling_halls, uniq_arachne, uniq_aizul
Spider:4: johnstein_spider_rune_arachne_lair
Slime:1:  layout_caves
Slime:2:  layout_caves
Slime:3:  layout_caves
Slime:4:  layout_caves
Slime:5:  slime_pit_nicolae_inversion
Orc:1:    layout_diamond_mine, nicolae_shop_overcharged_wands
Orc:2:    st_orc_town, layout_caves
Elf:1:    eino_elf_arrival_shootout, layout_geoelf_octagon, serial_shops,
          nicolae_shop_tiny_waterfront, hangedman_elven_crosses_minicolossus,
          uniq_asterion
Elf:2:    nicolae_elf_blades_crystal_corner, layout_loops_cross, minivault_16,
          minmay_shop_grid_forest, hangedman_elven_ridges, minmay_elf_sorcery
Elf:3:    grunt_elf_hall_branching, layout_gridlike, serial_shops,
          nicolae_lakefront_shop, shop
Vaults:1: ebering_ghost_disaster_area, grunt_vaults_hallway_short,
          vaults_room_hangedman_quadrants, v_misc_22, vaults_mumra_chevron_long,
          grunt_vaults_hallway_long, nicolae_vaults_trapezoid_lopsided_2,
          nicolae_vaults_taking_the_gang_shopping,
          vaults_standard_mumra_enter_the_diamond, serial_ice_g,
          nicolae_vaults_little_squares_5, nicolae_vaults_sightless_eye,
          nicolae_vaults_cochlea, grunt_vaults_hallway_short,
          nicolae_vaults_alarming, layout_vaults_omnicross, serial_shops,
          nicolae_shop_tiny_statue_garden
Vaults:2: gammafunk_ghost_split, v_misc_23, nicolae_vaults_puzzle_piece,
          v_alt_pattern_4, nicolae_vaults_circle_grid_b,
          hangedman_vaults_restitches, vaults_dpeg_ring, layout_vaults_omnigrid
Vaults:3: nicolae_vaults_more_shelving_2, v_pattern_5, nicolae_vaults_gold_heap,
          minmay_crypt_entry_simple_statues, v_misc_17, dpeg_vaults_monster_row,
          vaults_room_fours, layout_vaults_maze_snakey, serial_shops,
          nicolae_shop_mannequins, uniq_bai_suzhen, uniq_mara, uniq_sojobo
Vaults:4: nicolae_vaults_closet_pinwheel_4, grunt_vaults_swirl, v_misc_3,
          nicolae_vaults_octagons, nicolae_vaults_theta,
          nicolae_vaults_shelves_hall, vaults_room_semicircle,
          nicolae_vaults_doubleplus_tesselated, nicolae_vaults_triangles,
          vaults_dpeg_cross, vaults_mumra_hexcomb, vaults_dpeg_diagonal,
          vaults_dpeg_encased_lava, layout_vaults_ring, serial_shops,
          nicolae_lakefront_shop, uniq_mennas
Vaults:5: serial_shops, uniq_xtahua
Crypt:1:  layout_misc_corridors, grunt_crypt_arrival_split
Crypt:2:  layout_chaotic_city, corner_web_ring, small_chamber_with_monster,
          uniq_margery
Crypt:3:  due_elkab, layout_chaotic_city, tomb_entry_simple_bobbens, basic_altar
Tomb:1
Depths:1: layout_gridlike, nicolae_uskayaw_en_pointe, pf_coc_iceberg,
          grunt_tower_of_power
Depths:2: minmay_tearing_corner, layout_long_grid, rand_demon_pan_entry_4,
          serial_shops, shop, grunt_hell_entry_dis_mu, serial_bayou_crossing,
          infiniplex_staircase_hallway_doors, serial_bayou_shore_b
Depths:3: dreamdust_hydra_shepherd, layout_cave_pools, serial_shops,
          nicolae_shop_rolled_up, nicolae_abyss_entry_one_way_or_another,
          grunt_pan_entry_sceptre, pf_hell_entry_tar_spiral,
          hex_subvault_one_slice, infiniplex_staircase_split_hallway, uniq_grunn
Depths:4: evilmike_zot_entry_argh, layout_basic, enter_ziggurat_c, hell_entry,
          serial_bayou_lagoon_a
Hell

Skill      XL: |  1  2  3  4  5  6  7  8  9 10 11 12 13 14 15 16 17 18 19 20 21 22 23 24 25 |
---------------+----------------------------------------------------------------------------+-----
Fighting       | 2 3 4 5 7 8 9 11 12 14 15 16 17 18 19 20 21 22 | 22.6
Ranged Weapons | 5 6 7 8 10 12 14 16 18 | 18.0
Dodging        | 3 10 14 18 19 20 21 22 23 24 25 27 | 27.0
Spellcasting   | 1 7 10 12 13 15 17 18 20 22 23 | 23.4
Translocations | 1 8 10 14 17 20 22 | 22.3
Hexes          | 4 7 10 11 | 11.4
Summonings     | 2 5 7 9 10 | 10.7
Stealth        | |  1.5

Action                     |  1- 3 |  4- 6 |  7- 9 | 10-12 | 13-15 | 16-18 | 19-21 | 22-24 | 25-27 || total
---------------------------+-------+-------+-------+-------+-------+-------+-------+-------+-------++-------
   Fire: Shortbow          |    98 |   197 |   450 |   944 |       |       |       |       |       ||  1689
         Arbalest          |       |       |       |   274 |   770 |   999 |  1450 |  1614 |   301 ||  5408
   Cast: Blink             |       |       |       |       |       |     4 |     3 |     6 |     1 ||    14
         Summon Mana Viper |       |       |       |       |       |       |     1 |     1 |       ||     2
         Summon Guardian G |       |       |       |       |       |       |       |    31 |       ||    31
         Dimensional Bulls |       |       |       |       |       |       |       |     2 |       ||     2
         Dispersal         |       |       |       |       |       |       |       |     1 |    10 ||    11
    Use: Scroll            |       |       |     4 |    18 |     7 |     6 |    12 |    13 |     2 ||    62
         Potion            |       |       |       |    13 |     1 |     5 |     6 |     9 |     5 ||    39
 Armour: Robe              |     8 |    29 |    89 |     4 |       |       |       |       |       ||   130
         Steam dragon scal |       |       |       |   143 |   107 |   210 |   432 |   248 |    52 ||  1192
  Dodge: Dodged            |    28 |    67 |   151 |   388 |   488 |  1298 |  1828 |  1824 |   400 ||  6472
         Repelled          |       |       |     1 |    13 |     4 |    22 |    91 |    28 |     3 ||   162
  Block: Other             |     2 |     8 |    40 |   139 |   148 |   327 |   494 |   443 |   100 ||  1701

Table legend: (Time is in decaauts)
 A = Elapsed time spent in this place.
 B = Non-inter-level travel time spent in this place.
 C = Inter-level travel time spent in this place.
 D = Time resting spent in this place.
 E = Time spent auto-exploring this place.
 F = Levels seen in this place.
 G = Mean time per level.
                   A        B        C        D        E       F      G
               +--------+--------+--------+--------+--------+-----+--------+
         Total |  72795 |  65480 |   7315 |   9459 |  37939 |  55 | 1323.5 |
       Dungeon |  16383 |  13946 |   2437 |   1676 |   8454 |  15 | 1092.2 |
        Temple |     18 |      2 |     16 |      0 |      0 |   1 |   18.0 |
          Lair |   7656 |   6439 |   1217 |    706 |   4395 |   5 | 1531.2 |
         Swamp |   3811 |   3376 |    435 |    540 |   1965 |   4 |  952.8 |
   Spider Nest |   5197 |   4773 |    424 |    414 |   3306 |   4 | 1299.2 |
    Slime Pits |   6682 |   6325 |    357 |    827 |   3549 |   5 | 1336.4 |
  Orcish Mines |   1738 |   1458 |    280 |     32 |    859 |   2 |  869.0 |
   Elven Halls |   4735 |   4513 |    222 |    421 |   2828 |   3 | 1578.3 |
        Vaults |  10683 |   9804 |    879 |   2028 |   4561 |   5 | 2136.6 |
         Crypt |   3950 |   3743 |    207 |    136 |   2439 |   3 | 1316.7 |
          Tomb |    390 |    390 |      0 |      5 |    142 |   1 |  390.0 |
        Depths |  10581 |   9746 |    835 |   2630 |   4885 |   4 | 2645.2 |
          Hell |      3 |      3 |      0 |      0 |      0 |   1 |    3.0 |
      Ice Cave |    534 |    534 |      0 |     15 |    336 |   1 |  534.0 |
      Gauntlet |    428 |    428 |      0 |     23 |    215 |   1 |  428.0 |
               +--------+--------+--------+--------+--------+-----+--------+

Top non-repeatable levels by time:
Depths:2: 5387 daAuts
Vaults:4: 5211 daAuts
  Lair:3: 2993 daAuts
 Slime:4: 2861 daAuts
Depths:1: 2476 daAuts
Vaults:1: 2271 daAuts
     D:8: 2055 daAuts
Spider:3: 1923 daAuts
Spider:4: 1889 daAuts
    D:10: 1873 daAuts
   Elf:2: 1789 daAuts
    D:15: 1773 daAuts
 Crypt:3: 1684 daAuts
 Slime:5: 1657 daAuts
 Crypt:2: 1634 daAuts
